 Dungeon Crawl Stone Soup version 0.27.1-4-g1640c2035a (webtiles) character file.

Game seed: 8685885843855050746

905 Stomo444 the Skirmisher (level 8, -4/63 HPs)
             Began as a Vine Stalker Fighter on Nov 17, 2021.
             Succumbed to a water moccasin's poison
             ... on level 4 of the Dungeon.
             The game lasted 00:05:29 (4076 turns).

Stomo444 the Skirmisher (Vine Stalker Fighter)      Turns: 4076, Time: 00:05:29

Health: -4/63      AC: 31    Str: 20    XL:     8   Next: 8%
Magic:  5/9        EV:  2    Int:  8    God:
Gold:   180        SH:  0    Dex: 15    Spells: 7/7 levels left

rFire    . . .     SeeInvis .   r - +1 mace (protect)
rCold    . . .     Faith    .   (no shield)
rNeg     + + +     Spirit   +   (armour currently unavailable)
rPois    +         Reflect  .   (helmet currently unavailable)
rElec    .         Harm     .   (cloak currently unavailable)
rCorr    .         Rampage  .   (gloves currently unavailable)
Will     +....     NoTele   +   (boots currently unavailable)
Stlth    +.........             (no amulet)
HPRegen  1.20/turn              l - ring of wizardry
MPRegen  0.11/turn              (no ring)

@: lethally poisoned (-4 -> -23), tree-form, under a protective aura
A: stationary, stasis, torment immunity, boosted hp, (fangs 3), regeneration 1,
magic shield, (antimagic bite), no potion heal 2
a: no special abilities


You were on level 4 of the Dungeon.
You were a tree.
You visited 1 branch of the dungeon, and saw 5 of its levels.

You collected 180 gold pieces.

Inventory:

Hand Weapons
 a - a +0 flail
 d - a +1 whip of electrocution
 r - a +1 mace of protection (weapon)
 s - a +2 mace of holy wrath
Armour
 b - a +1 scale mail (melded)
 c - a +0 kite shield
Jewellery
 l - a ring of wizardry (left branch)
Wands
 m - a wand of flame (12)
Scrolls
 i - a scroll of teleportation {unknown}
 p - a scroll of magic mapping {unknown}
 q - a scroll of amnesia {unknown}
 t - a scroll of vulnerability {unknown}
Potions
 e - a potion of brilliance
 h - 2 potions of invisibility {unknown}
 n - 2 potions of curing {unknown}


   Skills:
 + Level 4.9 Fighting
 + Level 4.3 Maces & Flails
 + Level 4.4 Armour
 + Level 3.4 Dodging
 - Level 2.6 Shields


You had 7 spell levels left.
You didn't know any spells.
Your spell library was empty.

Dungeon Overview and Level Annotations

Branches:
Dungeon (5/15)
 Temple: D:4-7

Altars:
Dithmenos
Nemelex Xobeh
Trog
Vehumet
Zin

Annotations:
D:5 Eustachio


Innate Abilities, Weirdness & Mutations

You are a tree.
Your roots penetrate the ground, keeping you stationary.
You cannot be teleported.
You are immune to unholy pain and torment.
Your maximum health is greatly increased.
Your equipment is partially melded.
((You have razor-sharp teeth.))
Your natural rate of healing is unusually fast.
When hurt, damage is shared between your health and your magic reserves.
((Your bite disrupts and absorbs the magic of your enemies.))
Potions cannot restore your health.


Message History

You completely miss the hound. Your bite misses the hound.
You feel very sick.
The hound bites you but does no damage. x2
Unknown command.
You closely miss the hound.
You feel very sick. The hound closely misses you.
The hound bites you but does no damage.
You sock the hound!
Your weapon exudes an aura of protection.
The hound is severely wounded.
You feel sick. The hound barely misses you. x2
Unknown command.
You barely miss the hound.
The hound is severely wounded.
You feel sick.
The hound bites you but does no damage. x2
Unknown command.
You hit the hound. You bite the hound.
You kill the hound!
You feel sick. The water moccasin bites you.
You are lethally poisoned!
The water moccasin poisons you!
Unknown command.
You hit the water moccasin. You bite the water moccasin! You drain its power.
You feel invigorated.
The water moccasin is heavily wounded.
* * * LOW HITPOINT WARNING * * *
You feel very sick.
The water moccasin barely misses you. x2
Unknown command.
It was a potion of heal wounds.
That seemed strangely inert.
* * * LOW HITPOINT WARNING * * *
You feel very sick. The water moccasin bites you.
* * * LOW HITPOINT WARNING * * *
You are more poisoned.
The water moccasin poisons you!
It was a potion of lignification.
You turn into a tree.
Your +1 scale mail melds into your body.
Your roots penetrate the ground.
You die...

....# ##8. 8...8## #..
..(.### ####.
.....####### #.†...##
#.#_ .....>#.# #####..##
#.# .(...##.## ##..# #.#
8...8##..## ##.######.#
##_ ##..#
#........####### ##.#
###.#######.#..#
######.## #...##.S♣..)##
#)......) ####.#..######
##.#####)# #..........#
####..# #..
#####.........)###....##
##.
#.............))..<####
#. #.............)#####
#. #......######### #.
#....### #. #..).# #.


You could see a water moccasin.

Vanquished Creatures
  Grinder (D:3)
  A necrophage (D:4)
  A water moccasin zombie (D:5)
  3 wights (D:4)
  A hound (D:4)
  A jelly (D:4)
  An orc priest (D:4)
  Crazy Yiuf (D:3)
  2 centaur skeletons
  Natasha (thrice) (D:3)
  An iguana (D:3)
  A hound skeleton (D:4)
  5 gnolls
  3 adders
  An adder skeleton (D:4)
  A worm (D:2)
  2 dart slugs
  5 orcs
  6 endoplasms
  A giant cockroach (D:2)
  3 goblins
  5 hobgoblins
  4 jackals (D:3)
  3 quokkas (D:1)
  5 ball pythons
  7 bats
  3 frilled lizards
  6 kobolds
  9 rats
86 creatures vanquished.

Notes
Turn   | Place    | Note
-------+----------+-------------------------------------------
     0 | D:1      | Stomo444 the Vine Stalker Fighter began the quest for the
                  | Orb.
     0 | D:1      | Reached XP level 1. HP: 11/11 MP: 2/2
   374 | D:1      | Reached XP level 2. HP: 15/16 MP: 1/3
   877 | D:1      | Reached XP level 3. HP: 17/20 MP: 2/4
  1375 | D:1      | Found a faded altar of an unknown god.
  1382 | D:1      | Reached skill level 1 in Dodging
  1765 | D:2      | Found a glowing silver altar of Zin.
  1895 | D:2      | Gained mutation: Your natural rate of healing is unusually
                  | fast. [Vine Stalker growth]
  1895 | D:2      | Reached XP level 4. HP: 24/24 MP: 5/5
  2690 | D:3      | Noticed Grinder
  2705 | D:3      | Killed Grinder
  2706 | D:3      | Reached XP level 5. HP: 29/29 MP: 4/6
  2706 | D:3      | Reached XP level 6. HP: 33/33 MP: 4/7
  3022 | D:3      | Found a bloodstained altar of Trog.
  3053 | D:3      | Noticed Natasha
  3063 | D:3      | Killed Natasha
  3140 | D:3      | Found a runed translucent door.
  3141 | D:3      | Noticed Crazy Yiuf
  3159 | D:3      | Noticed Natasha
  3168 | D:3      | Killed Natasha
  3219 | D:3      | Noticed Natasha
  3230 | D:3      | Killed Natasha
  3375 | D:3      | Killed Crazy Yiuf
  3376 | D:3      | Reached XP level 7. HP: 33/37 MP: 5/8
  3499 | D:4      | Found a radiant altar of Vehumet.
  3505 | D:4      | Found a shadowy altar of Dithmenos.
  4002 | D:4      | Found a glowing silver altar of Zin.
  4002 | D:4      | Found a sparkling altar of Nemelex Xobeh.
  4033 | D:5      | Entered Level 5 of the Dungeon
  4048 | D:5      | Gained mutation: You have razor-sharp teeth. [Vine Stalker
                  | growth]
  4048 | D:5      | Reached XP level 8. HP: 40/42 MP: 6/9
  4061 | D:5      | Noticed Eustachio
  4075 | D:4      | HP: 2/42 [poisoned by a water moccasin]
  4076 | D:4      | Succumbed to a water moccasin's poison

Illustrated notes

Levels and vault maps discovered:
D:1:      minmay_arrival_plants_in_alcoves, layout_loops_corners,
          ebering_ecumenical_altar_mist, minmay_vboxes
D:2:      layout_loops_corners, basic_altar
D:3:      layout_rooms, lemuel_round_altar, uniq_grinder,
          uniq_crazy_yiuf_cottage, uniq_natasha
D:4:      layout_rooms, nicolae_overflow_hidden_temple
D:5:      minmay_octagon_keep, layout_basic, chequers_ossuary_entry_cave,
          minmay_manual_monolith, uniq_eustachio, uniq_blork_the_orc

Skill      XL: |  1  2  3  4  5  6  7 |
---------------+----------------------+-----
Maces & Flails | 2 3 4 |  4.3
Fighting       | 3 4 |  4.9
Dodging        | 1 2 3 |  3.4
Armour         | 3 4 |  4.4
Shields        | |  2.6

Action                   |  1- 3 |  4- 6 |  7- 9 || total
-------------------------+-------+-------+-------++-------
Melee: Flail             |    80 |       |       ||    80
       Bite              |    22 |    29 |    29 ||    80
       Whip              |    11 |    90 |       ||   101
       Mace              |       |       |    98 ||    98
  Use: Potion            |     1 |       |     2 ||     3
       Scroll            |       |       |     4 ||     4
Armor: Scale mail        |    51 |    45 |    52 ||   148
Dodge: Dodged            |    56 |    40 |    64 ||   160
